Cogmind - Beta 15 @@@ ROGUE MODE // 2025.08.25 @ 16:43:19 Player: Naughtyusername Result: Destroyed by G-34 Mercenary with Small Laser Performance ------------- Evolutions (0) 0 Regions Visited (2) 400 Robots Destroyed (25) 125 Value Destroyed (364) 364 Prototype IDs (3) 60 Alien Tech Used (0) 0 Bonus (-12) -12 TOTAL SCORE: 937 Bonus ------- Friendly Fire -12 Cogmind --------- Core Integrity 0/250 Matter 252/300 Energy 146/250 System Corruption 2% Temperature Cool (30) Movement Walking (190) Ox1 Location -10/Mines Parts ------- > --- POWER (1) -------- Ion Engine > --- PROPULSION (2) --- Aluminum Leg Aluminum Leg > --- UTILITY (2) ------ Large Storage Unit Seismic Detector > --- WEAPON (2) ------- Light Assault Rifle Light Assault Rifle > --- INVENTORY (15) --- Aluminum Leg Aluminum Leg Carbon-fiber Leg Small Storage Unit Medium Storage Unit Tractor Beam Peak State ------------ > --- POWER ------------ Light Ion Engine > --- PROPULSION ------- Aluminum Leg Aluminum Leg > --- UTILITY ---------- Large Storage Unit Seismic Detector > --- WEAPON ----------- Light Assault Rifle Light Assault Rifle > --- INVENTORY -------- Ion Engine Aluminum Leg Aluminum Leg Aluminum Leg Carbon-fiber Leg Small Storage Unit Medium Storage Unit Tractor Beam [Rating: 8] Favorites ----------- Power Light Ion Engine Engine Light Ion Engine Propulsion Aluminum Leg Leg Aluminum Leg Utility Seismic Detector Device Seismic Detector Storage Large Storage Unit Weapon Light Assault Rifle Ballistic Gun Light Assault Rifle Build | -11 -10 -10 ------- Run | Yrd Mat Min Slots Evolved . | . . . Power . | . . . Propulsion . | . . . Utility . | . . . Weapon . | . . . Parts Attached 17 | 7 2 8 Power 4 | 1 . 3 Engine 4 | 1 . 3 Core . | . . . Reactor . | . . . Propulsion 5 | 1 1 3 Treads . | . . . Leg 5 | 1 1 3 Wheel . | . . . Hover . | . . . Flight . | . . . Utility 4 | 3 1 . Device 2 | 2 . . Storage 2 | 1 1 . Processor . | . . . Hackware . | . . . Protection . | . . . Artifact . | . . . Weapon 4 | 2 . 2 Energy Gun . | . . . Energy Cannon . | . . . Ballistic Gun 4 | 2 . 2 Ballistic Cannon . | . . . Launcher . | . . . Special Weapon . | . . . Impact Weapon . | . . . Slashing Weapon . | . . . Piercing Weapon . | . . . Special Melee Weapon . | . . . Unidentified Prototypes . | . . . Parts Lost 8 | . . 8 Power 3 | . . 3 Propulsion 3 | . . 3 Utility . | . . . Weapon 2 | . . 2 Highest Loss Streak 3 | . . 3 To Critical Strikes . | . . . Average Backups 4 | 1 4 5 Power . | . 1 . Propulsion 1 | . . 1 Utility 2 | . 2 3 Weapon . | . . . Tool/Special . | . . . Unused Backups 4 | . . 4 Power . | . . . Propulsion 3 | . . 3 Utility 1 | . . 1 Weapon . | . . . Tool/Special . | . . . Average Slot Usage (%) 97 | . 89 99 Engine 13 | . 14 13 Leg 25 | . 17 27 Device 14 | . 14 14 Storage 14 | . 14 14 Ballistic Gun 28 | . 28 28 Peak Build Rating 8 | 6 7 8 Average Rating 6 | 4 6 7 On Entrance 4 | . 6 7 Naked Turns . | . . . Heaviest Build 28 | 13 28 28 Greatest Support 20 | 10 20 20 Greatest Overweight (x) 3 | 3 2 2 Average Overweight (x) 1 | 1 1 1 Largest Inventory Capacity 15 | 8 15 15 Average Capacity 13 | 7 12 15 Most Carried 8 | 3 5 8 Average Carried 4 | 1 4 5 Final Capacity 15 | 8 15 15 Final Carried 6 | 3 4 6 Class Distribution -------------------- 55% | Scavenger-Mutant 44% | Mutant Dominant Class ---------------- Mutant | -10/Materials Scavenger-Mutant | -10/Mines Resources | -11 -10 -10 ----------- Run | Yrd Mat Min Matter Collected 564 | 340 58 166 Remotely 10 | 10 . . Salvage Created 659 | 159 91 409 Parts 50 | 14 7 29 Haulers Intercepted 1 | . 1 . Recyclers Shooed 3 | 1 . 2 Parts Field Recycled . | . . . Retrieved Matter . | . . . Parts Self-Destructed . | . . . Prevented . | . . . Kills | -11 -10 -10 ------- Run | Yrd Mat Min Combat Hostiles Destroyed 18 | . 3 15 Guns 18 | . 3 15 Classes Destroyed 7 | 3 2 2 Worker 2 | 2 . . Tunneler 3 | 3 . . Hauler 1 | . 1 . Recycler 2 | 1 . 1 Swarmer 11 | . 3 8 Grunt 6 | . . 6 Assembled 1 | . . 1 Best Kill Streak 3 | 1 2 3 Combat Bots Only 3 | . 2 3 Max Kills in Single Turn 2 | 1 1 2 Gunslinging 1 | . . 1 Exploded . | . . . Melee . | . . . Uniques/NPCs Destroyed . | . . . Combat | -11 -10 -10 -------- Run | Yrd Mat Min Hostile Shots Fired 129 | . 24 105 Missed 19 | . 8 11 Hits 110 | . 16 94 Melee 3 | . . 3 Projectile 107 | . 16 91 Critical Strikes 2 | . . 2 Damage Taken 1109 | . 123 986 Core 258 | . 27 231 Absorbed by Shields . | . . . Core Remaining (%) 100 | 100 . . Volleys Fired 109 | 35 14 60 Largest 2 | 2 2 2 Hottest 40 | 40 40 40 Shots Fired 218 | 70 28 120 Gun 218 | 70 28 120 Cannon . | . . . Launcher . | . . . Special . | . . . Kinetic 218 | 70 28 120 Thermal . | . . . Explosive . | . . . Electromagnetic . | . . . Robot Hit Streak 13 | 13 4 11 Robot Miss Streak 5 | 2 3 5 Penetration Max . | . . . Secondary Targets 3 | . . 3 Max Gunslinging Chain 1 | . . 1 Shots Hit Robots 147 | 51 15 81 Core Hits 53 | 12 6 35 Critical Kills . | . . . Critical Parts Destroyed . | . . . Critical Strikes . | . . . Melee Attacks . | . . . Impact . | . . . Slashing . | . . . Piercing . | . . . Sneak Attacks . | . . . Combat Hostiles . | . . . Follow-up Attacks . | . . . Damage Inflicted 1180 | 358 122 700 Guns 1178 | 358 122 698 Cannons . | . . . Explosions . | . . . Melee . | . . . Ramming 2 | . . 2 Kinetic 1178 | 358 122 698 Thermal . | . . . Explosive . | . . . Electromagnetic . | . . . Impact . | . . . Slashing . | . . . Piercing . | . . . Highest Corruption 2 | . . 2 Average Corruption 2 | . . 2 Corruption Purged . | . . . Corruption Blocked . | . . . Effects 16 | . . 16 Message Errors 6 | . . 6 Matter Fused 6 | . . 6 Energy Discharges 1 | . . 1 Data Loss (minor) 1 | . . 1 Data Loss (major) 1 | . . 1 Misfires 1 | . . 1 Overload Shots . | . . . Overflow Damage . | . . . Projectiles . | . . . Explosions . | . . . Melee . | . . . Knockbacks . | . . . Impact . | . . . Kinetic . | . . . Secondary . | . . . Self-Inflicted Damage . | . . . Shots . | . . . Rammed . | . . . Targets Rammed 1 | . . 1 Kicked 1 | . . 1 Crushed . | . . . Highest Temperature 24 | . . 24 Average Temperature 9 | . . 9 Received Heat Transfer 288 | . . 288 Siege Activations . | . . . Martial Activations . | . . . Shielding Activations . | . . . Robots Disrupted . | . . . Combat Hostiles . | . . . Robots Corrupted . | . . . Combat Hostiles . | . . . Parts Fried . | . . . Impact Corruptions . | . . . Robots Melted . | . . . Combat Hostiles . | . . . Parts Melted . | . . . Heat Transferred . | . . . Parts Sabotaged . | . . . Parts Stolen . | . . . Parts Stripped . | . . . Power Chain Reactions . | . . . Alert | -11 -10 -10 ------- Run | Yrd Mat Min Maximum Alert Level . | . . . Low Security (%) 100 | 100 100 100 Level 1 . | . . . Level 2 . | . . . Level 3 . | . . . Level 4 . | . . . Level 5 . | . . . High Security . | . . . Max Security . | . . . Peak Influence 85 | 5 72 85 Initial 13 | . . 13 Average 11 | . 14 13 Influence Increases 461 | 30 106 325 Destroy 0b10 Robot/C 340 | . 60 280 Destroy 0b10 Robot/NC 40 | 30 5 5 Destroy Leader 52 | . 12 40 Successful Hack 14 | . 14 . Lose Combat Pursuer 15 | . 15 . Influence Decreases 389 | 30 70 289 Entered New Map 23 | . . 23 Time Decay 306 | 30 70 206 Lost Part 60 | . . 60 Squads Dispatched . | . . . Investigation . | . . . Extermination . | . . . Reinforcement . | . . . Assault . | . . . Garrison . | . . . Intercept . | . . . Searches Triggered . | . . . Construction Impeded . | . . . Haulers Reinforced . | . . . Active Scanning Responses . | . . . Cargo Convoy Interrupts . | . . . Stealth | -11 -10 -10 --------- Run | Yrd Mat Min Distress Signals 1 | . 1 . Communications Jammed . | . . . Distress Signals . | . . . Times Spotted 24 | . 6 18 Peak Tracking Total 3 | . 3 3 Tactical Retreats 1 | . 1 . Traps | -11 -10 -10 ------- Run | Yrd Mat Min Traps Triggered . | . . . Indirectly . | . . . Trap Hack Attempts . | . . . Triggered . | . . . Disarmed . | . . . Reprogrammed . | . . . Reused . | . . . Traps Extracted . | . . . Installed . | . . . Triggered . | . . . Machines | -11 -10 -10 ---------- Run | Yrd Mat Min Machines Disabled . | . . . Max in Single Turn . | . . . Machines Repaired . | . . . Machines Dismantled . | . . . Machines Sabotaged . | . . . Overloaded Fab Kills . | . . . Hacking | -11 -10 -10 --------- Run | Yrd Mat Min Machines Accessed 1 | . 1 . Terminals 1 | . 1 . Fabricators . | . . . Repair Stations . | . . . Recycling Units . | . . . Scanalyzers . | . . . Garrison Access . | . . . Total Hacks 2 | . 2 . Successful 2 | . 2 . Failed . | . . . Catastrophic . | . . . Database Lockouts . | . . . Manual . | . . . Terminals 2 | . 2 . Fabricators . | . . . Repair Stations . | . . . Recycling Units . | . . . Scanalyzers . | . . . Garrison Access . | . . . Terminal Hacks 2 | . 2 . Prototype ID Bank 1 | . 1 . Hauler Manifests 1 | . 1 . Fabricator Hacks . | . . . Repair Station Hacks . | . . . Recycling Unit Hacks . | . . . Scanalyzer . | . . . Garrison Access Hacks . | . . . Unauthorized Hacks . | . . . Terminals . | . . . Fabricators . | . . . Repair Stations . | . . . Recycling Units . | . . . Scanalyzers . | . . . Garrison Access . | . . . Data Cores Recovered . | . . . Used . | . . . Hacking Detections 1 | . 1 . Full Trace Events . | . . . Feedback Events . | . . . Feedback Blocked . | . . . Robot Schematics Acquired . | . . . Robots Built . | . . . Authchips . | . . . Time . | . . . Total Robot Build Rating . | . . . Part Schematics Acquired . | . . . Parts Built . | . . . Authchips . | . . . Time . | . . . Total Part Build Rating . | . . . Parts Repaired . | . . . Time . | . . . Parts Recycled . | . . . Recycled Matter . | . . . Retrieved Matter . | . . . Retrieved Components . | . . . Parts Scanalyzed . | . . . Part Schematics Acquired . | . . . Parts Damaged . | . . . Bothacking | -11 -10 -10 ------------ Run | Yrd Mat Min Used RIF Installer . | . . . Robots Hacked . | . . . Non-combat . | . . . Combat . | . . . Robot Hacks Applied . | . . . Relay Couplers Released . | . . . Fabnet Peak Effective % . | . . . Robots Rewired . | . . . Allies Hacked . | . . . Hacks Repelled . | . . . Allies | -11 -10 -10 -------- Run | Yrd Mat Min Total Allies . | . . . Largest Group . | . . . Highest-Rated Group . | . . . Highest-Rated Ally . | . . . Total Orders . | . . . Ally Attacks . | . . . Total Damage . | . . . Kills . | . . . Allies Corrupted . | . . . Allies Melted . | . . . Intel | -11 -10 -10 ------- Run | Yrd Mat Min Active Infowar (turns) 2214 | 28 429 1757 Seismic 2214 | 28 429 1757 Robot Analysis Total . | . . . Derelict Logs Recovered 1 | . . 1 Drone Launches . | . . . Drone Recoveries . | . . . Exploration | -11 -10 -10 ------------- Run | Yrd Mat Min Turns Passed 2516 | 330 429 1757 Spaces Moved 785 | 128 181 476 Core 21 | 21 . . Treads . | . . . Legs 764 | 107 181 476 Wheels . | . . . Hover . | . . . Flight . | . . . Fastest Speed 50 | 50 190 190 Average Speed 194 | 177 214 190 Slowest Speed 260 | 200 260 260 Overloaded Moves . | . . . Propulsion Burnouts . | . . . Robots Hopped . | . . . Potential Cave-ins . | . . . Cave-ins Triggered . | . . . Exploration Rate (%) 37 | 13 37 62 Regions Visited 2 Branch Regions 1 Pre-discovered Areas 1 | . . 1 Known Exits Taken . | . . . Unknown Exits Taken 2 | 1 1 . Scrap Searched 1 | . . 1 Spaces Dug . | . . . Terrain Destroyed . | . . . Melee . | . . . Projectile . | . . . AOE . | . . . Terrain Rammed . | . . . Walls Destroyed . | . . . Machines Disabled . | . . . Actions | -11 -10 -10 --------- Run | Yrd Mat Min Total 1600 | 172 198 1230 Wait 677 | . . 677 Move 783 | 127 180 476 Hop . | . . . Pick Up 11 | 2 1 8 Fast Attach 9 | 7 . 2 Attach 7 | . 1 6 Detach 1 | 1 . . Swap 2 | . 2 . Drop . | . . . Fire 109 | 35 14 60 Melee . | . . . Ram . | . . . Kick 1 | . . 1 Crush . | . . . Escape Stasis . | . . . Rewire . | . . . Trap . | . . . Miscellaneous . | . . . Route ------- -11/Scrapyard -10/Materials (discovered 2 exits: [*Min] / [*Sub]) -10/Mines (discovered 1 exit: [*Mat]) History --------- Turn | Location | Event 28 | -11/Scrapyard | Discovered new exit (range 14) 331 | -11/Scrapyard | Entered Materials 332 | -10/Materials | Build established: Mutant 487 | -10/Materials | Discovered new exit (range 8) 752 | -10/Materials | Discovered new exit (range 14) 760 | -10/Materials | Entered Mines 1146 | -10/Mines | Lost 3 parts (1p1n1w) 1161 | -10/Mines | Excavation squad dispatched 1161 | -10/Mines | A large section of the Mines collapsed 1404 | -10/Mines | Build established: Scavenger-Mutant 1411 | -10/Mines | Excavation squad dispatched 1661 | -10/Mines | Excavation squad dispatched 1911 | -10/Mines | Excavation squad dispatched 2159 | -10/Mines | Learned location of Zion (-6) 2161 | -10/Mines | Excavation squad dispatched 2323 | -10/Mines | Discovered new exit (range 10) 2332 | -10/Mines | Core integrity fell below 50% 2502 | -10/Mines | Core integrity fell below 20% 2517 | -10/Mines | Destroyed by G-34 Mercenary with Small Laser Last Messages --------------- ELIMINATE." 02323_ EXIT=FOUND 02329_ NE-ZAH(g): "Mission, incomplete...*fzzt*" 02329_ NE-ZAH(g) destroyed. 02331_ Lgt. Assault Rifle destroyed. 02336_ S-10 Pest destroyed. 02354_ Acquired 13 matter. 02358_ MWCVDW7CSW%GD 02359_ Acquired Carbon-fiber Leg. 02373_ System corrupted: Matter fused (-7). 02399_ System corrupted: Energy discharge (-43). 02404_ Acquired 16 matter. 02461_ System corrupted: Matter fused (-6). 02471_ Aluminum Leg destroyed. 02474_ G-34 Mercenary destroyed. 02490_ System corrupted: Component data lost. 02494_ G-34 Mercenary destroyed. 02494_ Switching to secondary target: G-34 Mercenary. 02507_ Lgt. Ion Engine destroyed. Map ----- +----------------------------------------------------+ | ##??########## * =##???????????????????###### "" | | ##?# ##????????????????????# "" | | #?# ######## ##?????????????????????# | | ###?# #??????#####??????????????????????# ### "" | | ????# #?????????????????????????????????# %#?# "" | | ????# #?????????????????????????????????# #?# "" | | #???# #????????????????????????????????## #?# | | ##### #???????????????????????????????## #?# | | =!%#??##############?????????????### ####### | | ####!#??# #????????????## ## ## | | ##??# #??# #????????????# # | | #???# #??# #????????????# | | ????# #??# """ #????????????## | | ????# #### """ #?????????????## | | ????# """ #??????????????# | | ????# ### #?????????????## ## | | ?#### #?###### ## ###????????????## ## | | ## #??????# ## #??????????????# ### | | ##????## ## ###?####???????# #?# # | | ###### #? ### ######### #### # | | ## ##?# ## % #?## | | ### % #??# | | ### ## ## ####### ##??# | | # ## ##?## ## ## ##????# ######## | | ###?#####???# ##???# #?# | | ????????????# @ =g[ ##??# #?# | | ????????????## ######## =g% #??# #?# ### | | ?????????????## #??????####[ #??# #?# #?## | | ??????????????## #????????## ##?# #?# #??## | | ???????????????#####????????## ### #?# #??## | | ?????????????????????????#### #?# #??# | | ????????????????????????## ### #??# | | ???????????????????????## ## ##?## | | ???????????????????????# % ##### | | ???????????????????????# " ##### = #?? | | ???????????????????????### "#???## ## #? | | ?????????????????????????# #????####### #? | | ?????????????????????????# #??????????## ##? | | ????????????????????????## %##??????????########?? | | ????????????????????????# " #???????????????????? | | ????????????????????????# = ????????????????? | | ????????????????????????# ####???????????????? | | ????????????????????????# #??????????????????? | | ????????????????????????## ##"??????????????????? | | ???????????????????????? ####?##?????????????????? | | ???????????????????????? ???????????????????? | | ???????????????????????? #???????????????????? | | ???????????????????????### ###???????????????????? | | ?????????????????????????? ??????????????????????? | | ?????????????????????????? ??????????????????????? | +----------------------------------------------------+ Best States ------------- Heat Dissipation 25 Energy Generation 10 Energy Capacity 250 Matter Stores 300 Matter Capacity 300 Sight Range 16 Terrain Scan Density 10 Evasion (%) 50 Item Schematics ----------------- None Robot Schematics ------------------ None Fabricated ------------ Nothing Repaired ---------- Nothing Alien Tech Used ----------------- None Achievements -------------- None Challenges ------------ None Game ------ Seed OvertunedSupersonicDatajack Manual? 0 Play Time 00:09:25 Cumulative 158.7 hours Start 2025.08.25 @ 07:57:09 End 2025.08.25 @ 16:43:19 Sessions 2 Manual Loads 0 Difficulty Rogue Special Mode None Game No. 69 Rogue 69 Adventurer 0 Explorer 0 Win Type - Total 3 Types 1/0/2/0/0/0/0/0/0/0 Lore% 77 Gallery% 66 Achievement% 78 Wizard Run 0 Options --------- Layout 2 ASCII 0 Keyboard 1 Movement Vi Keybinds 0 Fullscreen 1 Font 28/SwanstonBold Map View 50x52 Zoom Use 0% Tactical HUD 1 Map Filters NONE Filters NONE Steam 1 RUN: 46e2358a-f074-4fce-872d-c36fce27d1f6